AoeStats
← RyU_ASA

Arabian Desert

508846098Analyzed
1v1 RM · 9d ago on Sep 24, 2026· 48m 27s· 2 players
Game mode
Random Map
Map size
Tiny (2 player)
Population
200
Speed
Normal
Resources
Standard
Victory
Conquest
Starting age
Dark Age
Ending age
Imperial Age
RankedLock teamsTeams togetherTeam positionsShared explorationLock speedFull tech treeHidden civsTurbo modeCheats
Victory
Defeat
🇩🇰 Poles · Denmark
639
+18
🇹🇭 Britons · Thailand
674
-18
BadgerBuccaneer
0:36 Loom
11:04 Feudal Age
11:28 Horse Collar
11:35 Double-Bit Axe
18:51 Bloodlines
19:46 Wheelbarrow
20:57 Forging
20:52 Scale Barding Armor
25:08 Castle Age
23:19 Stone Mining
23:21 Gold Mining
23:45 Fletching
25:50 Heavy Plow
26:02 Bow Saw
27:38 Fervor
28:10 Stone Shaft Mining
27:39 Padded Archer Armor
27:50 Thumb Ring
27:41 Treadmill Crane
28:22 Ballistics
29:28 Murder Holes
30:33 Hand Cart
31:45 Town Watch
35:17 Imperial Age
33:44 Town Patrol
34:24 Iron Casting
36:00 Chain Barding Armor
35:56 Leather Archer Armor
35:49 Husbandry
35:10 Light Cavalry
38:05 Chemistry
37:28 Conscription
37:10 Bodkin Arrow
40:23 Blast Furnace
39:24 Bracer
40:21 Crop Rotation
44:29 Lechitic Legacy
47:27 Siege Engineers
47:31 Winged Hussar
48:49 Hoardings
RyU_ASA
11:01 Feudal Age
11:43 Double-Bit Axe
11:39 Horse Collar
17:51 Castle Age
17:51 Stone Mining
18:16 Pikeman
23:43 Squires
25:34 Scale Mail Armor
25:48 Gold Mining
28:31 Gold Shaft Mining
28:18 Arson
30:52 Heavy Plow
33:00 Wheelbarrow
31:53 Man-at-Arms
32:19 Gambesons
33:42 Chain Mail Armor
34:25 Hand Cart
34:48 Long Swordsman
35:38 Husbandry
38:50 Imperial Age
37:17 Bow Saw
39:08 Two-Handed Swordsman
41:12 Heavy Mounted Crossbowman
41:13 Cranequins
42:06 Champion
45:22 Plate Mail Armor
Connection lost

Rejoining the realm…

Still unreachable

The connection could not be restored.

Session expired

The server has moved on; the page needs a fresh start.